AoeStats
← Schnerrus

Arena

510781145Analyzed
1v1 RM · 22h ago on Oct 2, 2026· 36m 12s· 2 players
Game mode
Random Map
Map size
Tiny (2 player)
Population
200
Speed
Normal
Resources
Standard
Victory
Conquest
Starting age
Dark Age
Ending age
Imperial Age
RankedLock teamsTeams togetherTeam positionsShared explorationLock speedFull tech treeHidden civsTurbo modeCheats
Victory
Defeat
🇬🇧 Franks · United Kingdom
977
+16
🇨🇭 Bohemians · Switzerland
970
-16
Schnerrus
9:37 Feudal Age
11:40 Double-Bit Axe
14:09 Castle Age
12:07 Horse Collar
17:24 Bow Saw
17:29 Heavy Plow
21:23 Wheelbarrow
23:30 Loom
24:24 Fletching
24:50 Masonry
32:15 Imperial Age
30:51 Bodkin Arrow
30:59 Scale Mail Armor
31:11 Forging
31:03 Squires
30:23 Pikeman
32:35 Chain Mail Armor
33:25 Chemistry
32:46 Ballistics
32:42 Fortified Wall
33:12 Fervor
33:44 Conscription
32:56 Halberdier
35:09 Wagenburg Tactics
36:10 Plate Mail Armor
iBenj
9:38 Feudal Age
11:03 Double-Bit Axe
15:16 Castle Age
20:00 Forging
26:39 Loom
31:04 Imperial Age
29:46 Iron Casting
29:17 Scale Barding Armor
30:43 Gold Mining
31:07 Husbandry
31:52 Cavalier
34:21 Chain Barding Armor
34:48 Light Cavalry
Connection lost

Rejoining the realm…

Still unreachable

The connection could not be restored.

Session expired

The server has moved on; the page needs a fresh start.